Map: Kairos Junction LE

Players

goblin - Winner!

  • Race: Protoss Protoss
  • Spawn Location: 5:00

BratOK (Brat_OK)

  • Race: Terran Terran
  • Spawn Location: 11:00

Event: 2019 WCS Spring

VOD

Have the link to the VOD?

Description

Time

  • Played on: May 17, 2019, 11:07 a.m.
  • Length: 11:33

All games in this series

Show
View Real Time Build Order
Export as new Build Order

goblin Protoss - Winner!

Build Orders: 1 Gate Expand, Phoenix Opening, Mass Phoenix 

Get SALT Encoding   

  12  0:00  Probe  
  13  0:12  Probe  
  14  0:17  Pylon  
  14  0:24  Probe  
  15  0:32  Probe  
  15  0:38  Gateway  
  15  0:40  Probe  
  16  0:46  Assimilator  
  17  0:50  Probe  
  18  1:03  Probe  
  19  1:18  Nexus  
  19  1:22  Probe  
  20  1:31  Cybernetics Core  
  20  1:34  Probe  
  21  1:40  Assimilator  
  21  1:48  Pylon  
  21  1:50  Probe  
  22  1:58  Adept  
  22  1:59  Probe  
  22  2:07  Probe  
  25  2:15  Stargate  
  26  2:16  Probe  
  27  2:24  Warp Gate  
  27  2:26  Probe  
  27  2:28  Probe  
  28  2:33  Adept  
  28  2:34  Probe  
  31  2:40  Probe  
  33  2:44  Probe  
  34  2:52  Probe  
  34  2:54  Phoenix  
  34  2:56  Probe  
  38  3:03  Adept  
  38  3:04  Probe  
  41  3:08  Probe  
  41  3:10  Pylon  
  42  3:16  Phoenix, Probe  
  42  3:17  Assimilator  
  42  3:19  Assimilator  
  43  3:25  Probe  
  46  3:30  Probe  
  47  3:34  Robotics Facility  
  47  3:37  Probe  
  48  3:42  Probe  
  48  3:43  Phoenix  
  48  3:46  Probe  
  51  3:54  Probe x2, Pylon  
  54  4:10  Phoenix  
  54  4:12  Probe x2, Gateway  
  54  4:13  Gateway  
  54  4:17  Pylon  
  59  4:24  Immortal  
  59  4:27  Phoenix  
  62  4:39  Shield Battery  
  62  4:45  Gateway  
  62  4:49  Zealot  
  64  4:53  Shield Battery  
  64  4:55  Phoenix, Shield Battery  
  66  5:01  Observer  
  66  5:06  Pylon x2  
  67  5:09  Stalker  
  69  5:20  Phoenix  
  70  5:23  Shield Battery  
  69  5:40  Stalker, Zealot  
  69  5:41  Zealot, Stalker  
  69  5:46  Phoenix  
  67  5:59  Immortal  
  67  6:04  Shield Battery  
  71  6:05  Adept x2  
  71  6:08  Sentry x2  
  68  6:28  Probe x2  
  68  6:29  Phoenix  
  68  6:32  Robotics Bay  
  70  6:34  Observer, Pylon  
  70  6:38  Stalker  
  70  6:39  Zealot  
  71  6:51  Phoenix  
  71  6:52  Observer  
  70  7:08  Forge  
  70  7:09  Colossus  
  70  7:12  Phoenix  
  78  7:24  Probe  
  78  7:26  Nexus  
  78  7:27  Observer, Probe  
  78  7:29  Pylon  
  80  7:32  Probe  
  81  7:37  Phoenix, Extended Thermal Lance  
  81  7:39  Probe  
  81  7:43  Probe  
  84  7:51  Probe  
  84  7:52  Observer  
  84  7:55  Probe  
  84  7:56  Observer  
  84  7:58  Protoss Ground Weapons Level 1  
  86  8:01  Gateway  
  86  8:02  Gateway  
  86  8:04  Gateway  
  87  8:06  Twilight Council  
  87  8:10  Probe  
  87  8:11  Probe  
  89  8:12  Colossus  
  89  8:13  Phoenix  
  96  8:27  Observer  
  96  8:34  Probe x2  
  97  8:35  Charge  
  98  8:46  Probe  
  99  8:54  Gateway  
  99  8:57  Gateway  
  99  9:00  Observer, Pylon  
  100  9:14  Immortal  
  100  9:17  Zealot x5, Gateway, Templar Archives  
  100  9:19  Pylon  
  114  9:35  Phoenix  
  114  9:41  Warp Prism  
  114  9:43  Pylon  
  114  9:46  Zealot  
  114  9:47  Zealot x6  
  128  9:53  Pylon  
  128  9:58  Pylon  
  130  10:01  Observer  
  130  10:10  Zealot x3  
  130  10:11  Zealot x4  
  144  10:25  Observer  
  144  10:34  Zealot x2, High Templar x4  
  156  10:39  Archon x2  
  156  10:42  Nexus, Pylon  
  156  10:43  Pylon  
  127  11:06  Zealot x3  
  127  11:07  Zealot x2  
  121  11:12  Zealot x2  
  121  11:13  Zealot x2  
Show
View Real Time Build Order
Export as new Build Order

BratOK Terran 

Build Orders: Liberator Opening 

Get SALT Encoding   

  12  0:00  SCV  
  13  0:12  SCV  
  14  0:17  Supply Depot  
  14  0:25  SCV  
  15  0:39  SCV, Barracks  
  16  0:43  Refinery  
  16  0:51  SCV  
  17  1:03  SCV  
  18  1:15  SCV  
  19  1:27  Orbital Command, Barracks Reactor  
  19  1:40  Command Center  
  19  1:48  Supply Depot  
  19  1:54  SCV  
  20  2:04  Marine x2  
  20  2:06  SCV  
  23  2:13  Factory  
  23  2:18  Refinery  
  23  2:19  SCV  
  24  2:23  Marine x2  
  26  2:32  SCV  
  27  2:41  Marine x2  
  29  2:46  SCV  
  30  2:53  Orbital Command  
  30  2:57  Widow Mine  
  30  2:58  SCV  
  33  3:00  Starport  
  33  3:06  Marine x2  
  33  3:10  SCV  
  38  3:21  SCV, Liberator  
  38  3:24  Supply Depot  
  38  3:25  Factory Tech Lab  
  37  3:27  Marine x2  
  37  3:29  SCV  
  37  3:33  SCV  
  44  3:41  SCV  
  44  3:47  Supply Depot  
  44  3:48  SCV  
  46  3:49  Siege Tank  
  46  3:51  Marine x2  
  46  3:54  SCV  
  52  4:01  Supply Depot  
  52  4:02  SCV  
  53  4:06  SCV  
  53  4:09  Marine x2  
  56  4:13  Supply Depot  
  56  4:18  SCV  
  56  4:21  Siege Tank  
  56  4:23  Medivac  
  62  4:31  SCV x2  
  62  4:34  Engineering Bay  
  62  4:37  Marine x2  
  63  4:44  SCV x2  
  65  4:47  Supply Depot  
  65  4:53  Siege Tank  
  65  4:54  Marine x2  
  65  4:56  SCV x2  
  65  4:59  Supply Depot  
  72  5:05  Viking  
  74  5:08  Missile Turret  
  74  5:09  Missile Turret  
  74  5:10  SCV x2  
  74  5:12  Marine x2  
  78  5:28  Siege Tank  
  78  5:30  SCV x2, Marine x2  
  82  5:42  Missile Turret  
  77  5:43  Bunker  
  77  5:51  Marine  
  77  5:52  Marine  
  77  5:55  SCV  
  73  6:00  SCV, Bunker, Siege Tank  
  77  6:04  Supply Depot  
  77  6:05  Viking, Refinery  
  77  6:07  SCV  
  77  6:09  Marine  
  77  6:10  Marine  
  73  6:26  Marine  
  73  6:28  Marine  
  73  6:30  SCV  
  72  6:35  Siege Tank  
  74  6:44  Marine  
  74  6:46  SCV x2, Marine  
  76  6:50  Viking  
  69  6:58  SCV  
  69  7:01  Command Center  
  62  7:02  SCV, Marine  
  64  7:11  SCV  
  64  7:12  Missile Turret  
  64  7:14  Terran Infantry Weapons Level 1, SCV, Barracks  
  63  7:15  Barracks  
  63  7:18  Barracks  
  63  7:19  Barracks  
  63  7:22  Viking  
  64  7:23  SCV  
  64  7:27  SCV  
  66  7:30  Marine x2  
  66  7:34  Siege Tank  
  66  7:35  SCV, Refinery  
  72  7:48  Marine  
  73  7:53  Starport Reactor  
  73  7:55  SCV x2  
  74  8:03  Barracks Tech Lab x2  
  74  8:06  Siege Tank  
  74  8:10  Missile Turret  
  74  8:11  SCV x2, Supply Depot  
  78  8:17  Orbital Command  
  78  8:24  Barracks Reactor x2  
  78  8:25  Combat Shield, Stimpack  
  78  8:31  Marine x3, Supply Depot x2  
  78  8:32  Marine  
  82  8:36  SCV, Command Center  
  82  8:39  Medivac  
  84  8:44  SCV  
  84  8:45  Missile Turret  
  84  8:46  Orbital Command  
  84  8:48  SCV  
  85  8:49  Marine x4  
  88  8:56  SCV, Siege Tank  
  92  9:05  Marine x3  
  92  9:07  Marine x4  
  92  9:08  Terran Infantry Armor Level 1  
  100  9:10  SCV x2  
  100  9:12  SCV, Missile Turret  
  100  9:16  Medivac  
  100  9:17  Refinery  
  104  9:18  Refinery  
  104  9:19  Marine  
  104  9:22  Marine  
  106  9:25  Marine  
  106  9:28  SCV x2  
  108  9:35  SCV  
  107  9:40  SCV  
  107  9:41  SCV  
  107  9:42  Supply Depot  
  107  9:44  Supply Depot  
  107  9:45  Engineering Bay  
  109  9:46  Armory  
  109  9:49  Viking  
  111  9:54  Factory  
  111  9:55  Factory  
  111  10:02  Barracks Reactor  
  111  10:04  Siege Tank  
  113  10:10  Missile Turret, Supply Depot  
  113  10:11  Supply Depot  
  113  10:12  SCV x3, Missile Turret  
  116  10:19  Marine x5  
  120  10:36  Siege Tank  
  123  10:48  Barracks Reactor  
  123  10:52  Siege Tank x2  
  129  10:59  Marine  
  104  11:07  Marine  
  104  11:08  Marine x3  
  104  11:09  Marine x3  
Tags
 
Add a new tag
Caveats
  • Supply blocks, unpowered buildings, or Contaminate may cause inaccurate times.
  • Supply counts are checked every 10 seconds.